 Dungeon Crawl Stone Soup version 0.30-b1-2-g02819fbbbe (webtiles) character file.

Game seed: 4379856974437464545

3973 Barriton the Thaumaturge (level 10, -3/65 HPs)
             Began as a Purple Draconian Fire Elementalist on May 9, 2023.
             Slain by a fire elemental (9 damage)
             ... summoned by a deep elf pyromancer
             ... on level 7 of the Dungeon.
             The game lasted 00:16:30 (9395 turns).

Barriton the Thaumaturge (DrFE)                     Turns: 9395, Time: 00:16:30

Health: -3/65      AC: 13    Str: 11    XL:     10   Next: 2%
Magic:  8/22       EV: 12    Int: 20    God:
Gold:   356        SH:  5    Dex: 12    Spells: 23/30 levels left

rFire   . . .        w - +9 mace "Vojou" {drain, rPois rN++ rCorr Int+2}
rCold   . . .        (no shield)
rNeg    + + .        (body armour unavailable)
rPois   +            (helmet restricted)
rElec   .            (no cloak)
rCorr   +            c - +1 pair of gloves
SInv    .            (no boots)
Will    +....        b - amulet of reflection
Stlth   +            r - +4 ring of protection
HPRegen 0.30/turn    m - ring of Wili {Wiz Int+3}
MPRegen 0.18/turn

%: reflection, wizardry (x1)
@: on fire, short of breath, glowing
A: breathe power, AC +7, unfitting armour, cold-blooded, horns 1, talons 1,
dopey 2, frail 1, low MP 1, wild magic 1
a: Breathe Dispelling Energy


You were on level 7 of the Dungeon.
You visited 1 branch of the dungeon, and saw 7 of its levels.
You also visited: Sewer.

You collected 356 gold pieces.

Inventory:

Hand Weapons
 n - the +1 quarterstaff "Quysoj" {pain, Str+4 Int+3 Stlth-}
   (You found it on level 3 of the Dungeon)

   Str:       It affects your strength (+4).
   Int:       It affects your intelligence (+3).
   Stlth:     It makes you less stealthy.
 w - the +9 mace "Vojou" (weapon) {drain, rPois rN++ rCorr Int+2}
   (You found it in a sewer)

   Int:       It affects your intelligence (+2).
   rPois:     It protects you from poison.
   rN:        It greatly protects you from negative energy.
   rCorr:     It protects you from acid and corrosion.
 F - the +8 whip of Kismet {spect, Dex+5 Stlth+}
   (You found it on level 7 of the Dungeon)

   Dex:       It affects your dexterity (+5).
   Stlth:     It makes you more stealthy.
Armour
 c - a +1 pair of gloves (worn)
 E - a +1 pair of gloves
Jewellery
 b - an amulet of reflection (around neck)
 d - a +4 ring of slaying
 m - the ring of Wili (right hand) {Wiz Int+3}
   (You found it on level 3 of the Dungeon)

   [ring of wizardry]

   It improves your spell success rate.
   Int:       It affects your intelligence (+3).
 r - a +4 ring of protection (left hand)
 G - a ring of see invisible
 H - a ring of protection from fire
Wands
 x - a wand of mindburst (12)
 D - a wand of roots (10)
Scrolls
 i - a scroll of magic mapping
 k - 3 scrolls of identify
 o - 2 scrolls of immolation
 p - 2 scrolls of teleportation
 q - 3 scrolls of fog
 t - 4 scrolls of enchant weapon
 y - a scroll of amnesia
 C - 2 scrolls of fear
Potions
 a - 3 potions of degeneration
 e - 2 potions of magic
 f - a potion of invisibility
 g - a potion of lignification
 h - 2 potions of curing
 j - 2 potions of haste
 l - a potion of might
 s - 2 potions of attraction
 u - a potion of brilliance
 v - a potion of heal wounds
 z - a potion of flight {unknown}
Miscellaneous
 B - a phantom mirror


   Skills:
 + Level 2.0 Fighting
 + Level 1.5(2.6) Maces & Flails
 + Level 3.3(3.5) Staves
 + Level 3.2 Dodging
 + Level 2.7 Stealth
 + Level 1.2 Shields
 + Level 0.3 Unarmed Combat
 + Level 10.6 Spellcasting
 + Level 3.0 Conjurations
 + Level 9.1 Fire Magic


You had 23 spell levels left.
You knew the following spells:

 Your Spells              Type           Power      Damage    Failure   Level
a - Foxfire               Conj/Fire      100%       2x1d9     1%          1
b - Scorch                Fire           100%       2d9       1%          2
c - Flame Wave            Conj/Fire      45%        2d12      3%          4

Your spell library contained the following spells:

 Spells                   Type           Power      Damage    Failure   Level
 Inner Flame              Hex/Fire       37%        N/A       2%          3
 Volatile Blastmotes      Fire/Tloc      74%        2d16      2%          3
 Poisonous Vapours        Pois/Air       26%        N/A       6%          2
 Mephitic Cloud           Conj/Pois/Air  19%        N/A       8%          3
 Passage of Golubria      Tloc           13%        N/A       32%         4
 Freezing Cloud           Conj/Ice/Air   9%         6-21      47%         5
 Silence                  Hex/Air        6%         N/A       63%         5
 Lehudib's Crystal Spear  Conj/Erth      10%        10d4      100%        8


Dungeon Overview and Level Annotations

Branches:
Dungeon (7/15)             Temple (0/1) D:4           Sewer (visited)

Altars:
Hepliaklqana
Makhleb
Nemelex Xobeh

Shops:
D:4 ?   D:5 [   D:6 (

Annotations:
D:7 2 runed translucent doors


Innate Abilities, Weirdness & Mutations

You can breathe bolts of dispelling energy.
Your rich purple scales are hard. (AC +7)
You cannot fit into any form of body armour.
You are cold-blooded and may be slowed by cold attacks.
You have a pair of small horns on your head.
You have sharp toenails.
You are very dopey. (Int -4)
You are frail. (-10% HP)
Your magical capacity is low. (-10% MP)
Your spells are a little harder to cast, but a little more powerful.


Message History

Flames lash the deep elf pyromancer.
The deep elf pyromancer is almost dead.
The deep elf pyromancer's fire resistance burns away.
The fire elemental barely misses you. You block the orc wizard's attack.
The deep elf pyromancer points at you and mumbles some strange words.
The sticky flame hits you.
You are covered in liquid flames!
Casting: Scorch (safe; 1% risk of failure)
Confirm with . or Enter, or press ? or * to list all spells.
Flames lash the fire elemental.
The fire elemental completely resists.
You are covered in liquid flames!
The fire elemental hits you. The fire elemental burns you!
The orc wizard casts a spell at you. The puff of flame hits you.
The deep elf pyromancer casts a spell.
The deep elf pyromancer blinks!
You are covered in liquid flames!
The fire elemental barely misses you.
You are covered in liquid flames!
* * * LOW HITPOINT WARNING * * *
The orc wizard casts a spell at you.
The magic dart hits you but does no damage.
The deep elf pyromancer attacks as you move away!
The deep elf pyromancer barely misses you.
The deep elf pyromancer gestures at you while chanting.
The sticky flame hits you but does no damage.
You are covered in liquid flames!
Okay, then.
Casting: Scorch (safe; 1% risk of failure)
Confirm with . or Enter, or press ? or * to list all spells.
Flames lash the orc wizard.
The orc wizard is heavily wounded.
The orc wizard's fire resistance burns away.
You are covered in liquid flames!
* * * LOW HITPOINT WARNING * * *
The deep elf pyromancer is no longer more vulnerable to fire.
The fire elemental hits you. The fire elemental burns you!
* * * LOW HITPOINT WARNING * * *
The fire elemental hits you. The fire elemental burns you!
You die...

# #....#......##..######...... #
#....+......##.##8)[8##..... #
#....#......##.#8....8#..... #
#....#......#..'......+..... #
#....#######.°.'......+Y.... #
#....+.....#...#8....8#.....
#....##....#.○.##8!)8##.####
##....##....eEo..######.....#
#.[...####..@###)# #'###..
#.....##....##.#)######.))##.
##....#.....#.#.##.##.##.#.#.
######....#.....#.###..##.#.##.#.
..........#...>.#.#..####.##[#.#.
..........'.....#.#.##)##..###.#.
....##....##....##....####....##.
....##....##.....######..######..
..........#......................


You could see a deep elf pyromancer, a fire elemental (summoned) and an orc
wizard (combustible).

Vanquished Creatures
  An ugly thing (D:7)
  Grinder (Sewer)
  The ghost of zkyp the Poker, an amateur TeEn (D:3)
  A shadow (D:7)
  A yak (D:7)
  3 water moccasins
  An orc warrior (D:4)
  An ice beast (D:7)
  2 sky beasts (D:7)
  2 black bears
  3 ogres
  2 centaurs
  2 phantoms
  3 bullfrogs
  2 scorpions
  4 wights
  4 howler monkeys
  6 hounds
  2 orc priests
  5 iguanas
  A sleepcap (D:7)
  5 orc wizards
  Terence (D:2)
  5 adders
  3 shadow imps
  4 white imps
  3 ufetubi (Sewer)
  4 worms
  6 dart slugs
  12 orcs
  7 ball pythons
  5 bats
  A bat zombie (Sewer)
  8 endoplasms
  6 giant cockroaches
  18 goblins
  9 hobgoblins
  6 jackals (D:1)
  5 quokkas
  4 frilled lizards
  20 kobolds
  A kobold zombie (Sewer)
  6 rats
187 creatures vanquished.

Vanquished Creatures (collateral kills)
  2 foxfires (D:6)
2 creatures vanquished.

Vanquished Creatures (others)
  376 foxfires
  20 plants (D:6)
396 creatures vanquished.

Grand Total: 585 creatures vanquished

Notes
Turn   | Place    | Note
-------+----------+-------------------------------------------
     0 | D:1      | Barriton the Draconian Fire Elementalist began the quest
                  | for the Orb.
     0 | D:1      | Reached XP level 1. HP: 14/14 MP: 3/3
   246 | D:1      | Reached XP level 2. HP: 20/20 MP: 3/5
   289 | D:1      | Learned a level 2 spell: Scorch
   789 | D:1      | Reached XP level 3. HP: 26/26 MP: 0/6
  1328 | D:1      | Gained mutation: You are agile. (Dex +4, Str/Int -1)
                  | [potion of mutation]
  1328 | D:1      | Gained mutation: You are dopey. (Int -2) [potion of
                  | mutation]
  1328 | D:1      | Gained mutation: You are somewhat resistant to further
                  | mutation. [potion of mutation]
  1465 | D:2      | Noticed Terence
  1573 | D:2      | HP: 1/26 [Terence/+0 flail (1)]
  1588 | D:2      | Killed Terence
  1589 | D:2      | Reached skill level 3 in Spellcasting
  1589 | D:2      | Reached XP level 4. HP: 5/33 MP: 0/8
  2508 | D:3      | Identified the +0 ring mail of Visto {rPois}
  2715 | D:3      | Found a runed translucent door.
  2717 | D:3      | Noticed zkyp's ghost (amateur TeEn)
  3411 | D:3      | Found a sparkling altar of Nemelex Xobeh.
  3572 | D:3      | Identified the ring of Wili {Wiz Int+3}
  3728 | D:3      | Killed zkyp's ghost
  3729 | D:3      | Reached skill level 4 in Spellcasting
  3729 | D:3      | Reached XP level 5. HP: 13/38 MP: 0/11
  3729 | D:3      | Reached XP level 6. HP: 15/45 MP: 0/12
  3735 | D:3      | Identified the +1 quarterstaff "Quysoj" {pain, Str+4 Int+3
                  | Stlth-}
  4017 | D:4      | Found a glowing drain.
  4018 | D:4      | You fall into a shaft and drop 2 floors!
  4034 | D:5      | Entered Level 5 of the Dungeon
  4067 | D:5      | Found Fyssipho's Antique Armour Emporium.
  4067 | D:5      | Noticed a water moccasin
  4374 | Sewer    | Entered a sewer
  4686 | Sewer    | Found an ancient bone altar of Kikubaaqudgha.
  4698 | Sewer    | Noticed Grinder
  4742 | Sewer    | Paralysed by Grinder for 5 turns
  4745 | Sewer    | HP: 1/45 [Grinder/nerve-wracking pain (6)]
  4751 | Sewer    | Reached skill level 1 in Staves
  4751 | Sewer    | Killed Grinder
  4752 | Sewer    | Reached skill level 1 in Fighting
  4752 | Sewer    | Reached skill level 5 in Fire Magic
  4752 | Sewer    | Your scales start taking on a rich purple colour.
  4752 | Sewer    | Reached skill level 5 in Spellcasting
  4752 | Sewer    | Reached XP level 7. HP: 26/52 MP: 1/15
  4868 | Sewer    | Reached skill level 6 in Spellcasting
  4999 | Sewer    | Identified the +9 mace "Vojou" {drain, rPois rN++ rCorr
                  | Int+2}
  5004 | Sewer    | Lost mutation: You are agile. (Dex +4, Str/Int -1) [potion
                  | of mutation]
  5004 | Sewer    | Lost mutation: You are somewhat resistant to further
                  | mutation. [potion of mutation]
  5004 | Sewer    | Gained mutation: You have sharp toenails. [potion of
                  | mutation]
  5004 | Sewer    | Gained mutation: Your spells are a little harder to cast,
                  | but a little more powerful. [potion of mutation]
  5004 | Sewer    | Gained mutation: You have hidden genetic defects. [potion
                  | of mutation]
  5004 | Sewer    | Gained mutation: You have a pair of small horns on your
                  | head. [potion of mutation]
  5085 | D:4      | Reached skill level 1 in Shields
  5130 | D:4      | Found a staircase to the Ecumenical Temple.
  5351 | D:4      | Gained mutation: You are very dopey. (Int -4) [hidden
                  | defects]
  5418 | D:4      | Found Atrek Ump's Magic Scroll Shop.
  5694 | D:4      | Reached XP level 8. HP: 59/59 MP: 12/17
  5768 | D:4      | Gained mutation: You have terrible hidden genetic defects.
                  | [hidden defects]
  5768 | D:4      | Lost mutation: You have terrible hidden genetic defects.
                  | [hidden defects expressed]
  5932 | D:4      | Reached skill level 7 in Spellcasting
  6157 | D:5      | Gained mutation: Your magical capacity is low. (-10% MP)
                  | [hidden defects]
  6879 | D:6      | Found Qiko's Antique Weapon Shoppe.
  6888 | D:6      | Reached skill level 8 in Spellcasting
  6990 | D:6      | Gained mutation: You are frail. (-10% HP) [hidden defects]
  6990 | D:6      | Lost mutation: You have hidden genetic defects. [hidden
                  | defects expressed]
  7362 | D:6      | Found a hazy altar of Hepliaklqana.
  7362 | D:6      | Found a burning altar of Makhleb.
  7367 | D:6      | Reached XP level 9. HP: 60/60 MP: 12/19
  7910 | D:7      | Reached skill level 9 in Spellcasting
  7950 | D:7      | Found a large runed translucent door.
  7950 | D:7      | Found a large runed translucent door.
  7958 | D:7      | Noticed a deep elf pyromancer
  7965 | D:7      | Found a large runed translucent door.
  7965 | D:7      | Found a large runed translucent door.
  7971 | D:7      | Learned a level 4 spell: Flame Wave
  8298 | D:7      | Reached skill level 1 in Maces & Flails
  8455 | D:7      | Noticed a green ugly thing
  8464 | D:7      | Killed a green ugly thing
  8465 | D:7      | Reached skill level 10 in Spellcasting
  9024 | D:7      | Identified the +8 whip of Kismet {spect, Dex+5 Stlth+}
  9068 | D:7      | Reached XP level 10. HP: 63/65 MP: 7/22
  9395 | D:7      | Slain by a fire elemental

Illustrated notes

Levels and vault maps discovered:
D:1:      dpeg_arrival_snail, layout_loops_ring, minivault_23,
          hangedman_decor_slide_cut, moated_statue
D:2:      layout_basic, minmay_fountain_box, uniq_terence
D:3:      layout_basic, nemelex_diamond_rough_becter, ebering_ghost_inner_flame
D:4:      layout_loops_ring, minmay_temple_entry_proselytizer, serial_shops,
          kennysheep_mini, cheibrodos_sewer_entry_drain, minmay_mini_jars
D:5:      layout_loops_cross, minmay_misc_feat_plants, kennysheep_windowed_goal
D:6:      layout_loops_cross, gammafunk_temple_overflow_pools, serial_shops,
          nicolae_inconvenience_store, kennysheep_boxes
D:7:      layout_gridville, enter_bailey_3, minmay_hollow_rounded_squares

Skill      XL: |  1  2  3  4  5  6  7  8  9 |
---------------+----------------------------+-----
Dodging        | 2 3 |  3.2
Spellcasting   | 3 4 5 6 8 10 | 10.6
Fire Magic     | 4 5 7 9 |  9.1
Stealth        | 2 |  2.7
Conjurations   | 2 3 |  3.0
Staves         | 2 3 |  3.3
Fighting       | 1 2 |  2.0
Shields        | 1 |  1.2
Maces & Flails | 1 |  1.5
Unarmed Combat | |  0.3

Action                     |  1- 3 |  4- 6 |  7- 9 | 10-12 || total
---------------------------+-------+-------+-------+-------++-------
  Melee: Unarmed           |    64 |    28 |       |       ||    92
         Tailslap          |     6 |    15 |     2 |       ||    23
         Quarterstaff      |       |    36 |       |       ||    36
         Mace              |       |       |    17 |       ||    17
         Kick              |       |       |     4 |       ||     4
         Headbutt          |       |       |     2 |       ||     2
   Cast: Foxfire           |    65 |    98 |    74 |     7 ||   244
         Scorch            |     8 |    45 |   124 |    11 ||   188
Ability: Breathe Dispellin |       |       |       |     1 ||     1
    Use: Scroll            |     8 |     5 |     5 |     1 ||    19
         Potion            |     4 |     2 |     1 |       ||     7
 Armour: Skin              |    27 |    47 |    23 |    11 ||   108
  Dodge: Dodged            |    75 |    60 |    41 |     8 ||   184
  Block: Other             |       |    24 |    11 |     2 ||    37
         Reflection        |       |     1 |       |       ||     1
